Sharks vs Red Wings
(R1)
Created - November 7, 2023 at 21:47
Goals
|
| Sharks |
2 |
1 |
2 |
5 |
| Red Wings |
1 |
3 |
2 |
6 |
|
Shots
|
| Sharks |
8 |
8 |
13 |
29 |
| Red Wings |
9 |
16 |
11 |
36 |
|
1st period
1. Sharks , Brendan Gaunce 5 (Drew Doughty 13, Mike Lundin 3) at 7:02
2. Sharks , Wayne Simmonds 4 (Boone Jenner 4) at 7:26 (PP)
3. Red Wings , Dylan Larkin 3 (Jordan Eberle 3, Alex DeBrincat 3) at 13:05 (PP)
Penalties :
Drew Fata (Det) for Slashing (Minor) at 7:24, David Rundblad (Det) for Tripping (Minor) at 8:32, Dion Phaneuf (S.J) for Hooking (Minor) at 12:02, Carson Mcmillan (Det) for Tripping (Minor) at 18:22
2nd period
4. Red Wings , Nino Niederreiter 6 (Jamie Arniel 5, Cody Franson 2) at 0:37
5. Sharks , Vince Hinostroza 1 (Gustav Nyquist 1) at 3:35
6. Red Wings , Jamie Arniel 1 (Jordan Eberle 4, Dylan Larkin 7) at 3:49 (PP)
7. Red Wings , Nino Niederreiter 7 (Dylan Larkin 8) at 6:36
Penalties :
Mike Lundin (S.J) for Hooking (Minor) at 3:46, Brendan Gaunce (S.J) for Hooking (Minor) at 11:17
3rd period
8. Sharks , Mike Lundin 1 (Boone Jenner 5) at 0:38 (PP)
9. Red Wings , T.J. Hensick 4 (Drew Fata 1, Brendan Woods 2) at 11:31
10. Red Wings , Jamie Arniel 2 (Carson Mcmillan 3, Roland McKeown 2) at 12:26
11. Sharks , Boone Jenner 7 (Ronalds Kenins 10, Wayne Simmonds 7) at 15:00
Penalties :
Nino Niederreiter (Det) for Interference (Minor) at 0:22, Mike Lundin (S.J) for Boarding (Minor) at 1:01, Cody Franson (Det) for Holding (Minor) at 5:42, Wayne Simmonds (S.J) for Interference (Minor) at 12:31
Goalie Stats
Malcolm Subban (S.J), 30 saves from 36 shots - (0.833), L, 1-2-0, 59:36 minutes
Tyler Weiman (Det), 24 saves from 29 shots - (0.828), W, 3-3-0, 60:00 minutes
Players Stats for Sharks
Player Name G A P +/- PIM S H SB GA TA FO MP PP MP PK MP
------------------------------------------------------------------------------------
Andreas Martinsen 0 0 0 -2 0 0 1 0 0 0 0/0 12:38 0:00 1:04
Beau Bennett 0 0 0 -2 0 2 0 0 0 0 0/0 11:34 0:00 0:00
Boone Jenner 1 2 3 1 0 2 2 1 0 0 18/33 24:33 3:45 4:16
Brendan Gaunce 1 0 1 -2 2 1 0 1 0 0 4/7 11:12 0:00 0:36
Connor Murphy 0 0 0 -1 0 0 1 1 0 0 0/0 10:29 0:00 0:19
Conor Sheary 0 0 0 -1 0 0 1 1 0 0 1/1 15:02 2:30 0:00
Daniel Carcillo 0 0 0 1 0 2 1 0 1 1 0/0 6:03 0:00 0:00
Dion Phaneuf 0 0 0 1 2 2 2 0 0 0 0/0 18:06 1:56 2:40
Drew Doughty 0 1 1 -1 0 2 3 0 1 1 0/0 30:56 4:19 4:07
Gustav Nyquist 0 1 1 1 0 0 1 0 0 0 2/4 6:27 0:00 0:23
Markus Nutivaara 0 0 0 -1 0 1 0 0 0 0 0/0 11:33 0:00 0:52
Mike Lundin 1 1 2 -1 4 4 1 2 0 1 0/0 30:18 4:19 3:00
Oscar Sundqvist 0 0 0 -1 0 4 0 1 1 0 5/13 17:48 2:30 1:48
Ronalds Kenins 0 1 1 1 0 1 0 0 3 0 2/2 24:29 3:45 4:11
Tyler Cuma 0 0 0 1 0 0 0 0 0 0 0/0 19:06 1:56 3:08
Vince Hinostroza 1 0 1 1 0 2 0 0 0 0 0/0 6:03 0:00 0:00
Wayne Simmonds 1 1 2 1 2 4 0 0 0 0 1/2 19:45 3:45 0:00
Zach Parise 0 0 0 -1 0 2 2 1 0 0 0/0 16:50 2:30 1:48
Players Stats for Red Wings
Player Name G A P +/- PIM S H SB GA TA FO MP PP MP PK MP
------------------------------------------------------------------------------------
Alex DeBrincat 0 1 1 1 0 1 0 0 0 0 0/0 15:03 4:25 0:00
Alexandre Grenier 0 0 0 -1 0 2 2 1 0 0 0/0 7:21 0:00 0:00
Brendan Woods 0 1 1 -1 0 1 1 1 0 1 0/0 8:56 0:00 2:34
Cam Fowler 0 0 0 1 0 1 2 0 1 0 0/0 18:24 2:22 1:00
Carson Mcmillan 0 1 1 2 2 1 0 0 0 1 0/0 12:17 0:00 2:13
Cody Franson 0 1 1 2 2 0 1 1 0 0 0/0 14:01 0:00 0:18
David Rundblad 0 0 0 -1 2 0 0 0 0 2 0/0 15:39 0:00 2:43
Drew Fata 0 1 1 1 2 4 3 2 0 0 0/0 22:38 0:00 3:57
Dylan Larkin 1 2 3 1 0 5 1 0 0 0 13/32 21:00 4:25 0:33
Jake Gardiner 0 0 0 1 0 0 3 0 1 0 0/0 25:57 4:41 2:16
Jamie Arniel 2 1 3 2 0 3 0 0 0 0 7/12 18:08 4:41 3:22
Jordan Eberle 0 2 2 1 0 3 1 1 0 0 0/1 19:28 4:25 0:00
Marcus Kruger 0 0 0 -2 0 2 0 1 1 0 0/0 17:05 2:22 0:00
Marko Dano 0 0 0 -1 0 2 2 0 0 0 1/1 17:36 2:38 0:45
Nino Niederreiter 2 0 2 2 2 6 1 0 0 1 1/1 20:25 2:38 2:07
Roland McKeown 0 1 1 -1 0 1 1 2 0 1 0/0 15:14 0:00 2:16
Ryan O'Reilly 0 0 0 -1 0 2 4 0 0 0 6/11 16:11 2:38 0:00
T.J. Hensick 1 0 1 -1 0 2 1 0 0 0 1/4 8:17 0:00 0:56
3 Stars
1 - Jamie Arniel (Det)
2 - Dylan Larkin (Det)
3 - Boone Jenner (S.J)
Power Play
Sharks - 2 on 5 Attempt(s) - 40.00%
Red Wings - 2 on 5 Attempt(s) - 40.00%
Penalty Kill
Sharks - 3 on 5 Attempt(s) - 60.00%
- Score 0 goal in Penalty Kill
Red Wings - 3 on 5 Attempt(s) - 60.00%
- Score 0 goal in Penalty Kill
Team Stat
Sharks - Hits : 15 - Faceoff Wins : 33 - Blocked Shots : 8 - Penalty Minutes : 10
Red Wings - Hits : 23 - Faceoff Wins : 29 - Blocked Shots : 9 - Penalty Minutes : 10
Official
Referees : Steve Kozari and Brandon Blandina
Linesman : Tyson Baker and Trent Knorr
Game Notes
No Game Note
Finance
Level 1 -- Attendance: 5841 (97.35%) -- Ticket Income $584,100
Level 2 -- Attendance: 4370 (87.40%) -- Ticket Income $262,200
Level 3 -- Attendance: 2000 (100.00%) -- Ticket Income $70,000
Level 4 -- Attendance: 3669 (91.73%) -- Ticket Income $91,725
Luxury Box -- Attendance: 907 (90.70%) -- Ticket Income $181,400
Game was played at the Little Caesars arena.
Total Attendance: 16787 (93.26%)
Total Ticket Income: $1,189,425
Other Income: $178,414
Total Income: $1,367,839
Sharks
5 vs 5 Forward
Center Left Wing Right Wing Time % Phy DF OF
1 Boone Jenner Ronalds Kenins Wayne Simmonds 40 0 2 3
2 Oscar Sundqvist Zach Parise Conor Sheary 30 0 2 3
3 Brendan Gaunce Andreas Martinsen Beau Bennett 20 0 2 3
4 Gustav Nyquist Daniel Carcillo Vince Hinostroza 10 0 3 2
5 vs 5 Defense
Defense Defense Time % Phy DF OF
1 Drew Doughty Mike Lundin 40 0 2 3
2 Dion Phaneuf Tyler Cuma 30 0 2 3
3 Markus Nutivaara Connor Murphy 20 0 3 2
4 Drew Doughty Mike Lundin 10 0 3 2
PowerPlay Forward
Center Left Wing Right Wing Time % Phy DF OF
1 Boone Jenner Ronalds Kenins Wayne Simmonds 60 0 2 3
2 Oscar Sundqvist Zach Parise Conor Sheary 40 0 2 3
PowerPlay Defense
Defense Defense Time % Phy DF OF
1 Drew Doughty Mike Lundin 60 0 2 3
2 Dion Phaneuf Tyler Cuma 40 0 2 3
Penalty Kill 4 Players Forward
Center Wing Time % Phy DF OF
1 Boone Jenner Ronalds Kenins 60 1 4 0
2 Oscar Sundqvist Zach Parise 40 1 4 0
Penalty Kill 4 Players Defense
Defense Defense Time % Phy DF OF
1 Drew Doughty Mike Lundin 60 1 4 0
2 Dion Phaneuf Tyler Cuma 40 1 4 0
Penalty Kill - 3 Players Forward
Forward Time % Phy DF OF
1 Boone Jenner 60 1 4 0
2 Oscar Sundqvist 40 1 4 0
Penalty Kill - 3 Players Defense
Defense Defense Time % Phy DF OF
1 Drew Doughty Mike Lundin 60 1 4 0
2 Dion Phaneuf Tyler Cuma 40 1 4 0
4 vs 4 Forward
Center Wing Time % Phy DF OF
1 Boone Jenner Ronalds Kenins 60 0 2 3
2 Oscar Sundqvist Zach Parise 40 0 2 3
4 vs 4 Defense
Defense Defense Time % Phy DF OF
1 Drew Doughty Mike Lundin 60 0 3 2
2 Dion Phaneuf Tyler Cuma 40 0 3 2
Last Minutes Offensive
Center Left Wing Right Wing Defense Defense
Boone Jenner Ronalds Kenins Wayne Simmonds Drew Doughty Mike Lundin
Last Minutes Defensive
Center Left Wing Right Wing Defense Defense
Boone Jenner Ronalds Kenins Wayne Simmonds Drew Doughty Mike Lundin
Goaltenders
Starting : Malcolm Subban
Backup : Philipp Grubauer
Extra Forwards
Normal : Boone Jenner, Oscar Sundqvist, Beau Bennett - PP : Boone Jenner, Oscar Sundqvist - PK : Boone Jenner
Extra Defensemen
Normal : Tyler Cuma, Markus Nutivaara, Connor Murphy - PP : Tyler Cuma - PK : Tyler Cuma, Markus Nutivaara
Penalty Shots
Ronalds Kenins, Wayne Simmonds, Conor Sheary, Zach Parise, Boone Jenner
Custom OT Lines Forwards
Ronalds Kenins, Wayne Simmonds, Conor Sheary, Zach Parise, Boone Jenner, Oscar Sundqvist, Beau Bennett, Andreas Martinsen, Daniel Carcillo, Brendan Gaunce
Custom OT Lines Defensemen
Drew Doughty, Mike Lundin, Dion Phaneuf, Tyler Cuma, Markus Nutivaara
Scratches
Arturs Kulda (Healthy), Brandon Kozun (Healthy), MacKenzie Weegar (Healthy)
Red Wings
5 vs 5 Forward
Center Left Wing Right Wing Time % Phy DF OF
1 Dylan Larkin Nino Niederreiter Jordan Eberle 40 1 2 2
2 Ryan O'Reilly Marko Dano Marcus Kruger 30 1 2 2
3 Jamie Arniel Alex DeBrincat Carson Mcmillan 20 1 2 2
4 T.J. Hensick Brendan Woods Alexandre Grenier 10 1 2 2
5 vs 5 Defense
Defense Defense Time % Phy DF OF
1 Drew Fata Jake Gardiner 40 1 2 2
2 Cam Fowler Cody Franson 30 1 2 2
3 David Rundblad Roland McKeown 20 1 2 2
4 David Rundblad Roland McKeown 10 1 2 2
PowerPlay Forward
Center Left Wing Right Wing Time % Phy DF OF
1 Dylan Larkin Alex DeBrincat Jordan Eberle 60 1 2 2
2 Ryan O'Reilly Marko Dano Nino Niederreiter 40 1 2 2
PowerPlay Defense
Defense Defense Time % Phy DF OF
1 Jamie Arniel Jake Gardiner 60 1 2 2
2 Marcus Kruger Cam Fowler 40 1 2 2
Penalty Kill 4 Players Forward
Center Wing Time % Phy DF OF
1 Jamie Arniel Carson Mcmillan 60 1 4 0
2 T.J. Hensick Brendan Woods 40 1 4 0
Penalty Kill 4 Players Defense
Defense Defense Time % Phy DF OF
1 Drew Fata David Rundblad 60 1 4 0
2 Roland McKeown Jake Gardiner 40 1 4 0
Penalty Kill - 3 Players Forward
Forward Time % Phy DF OF
1 Carson Mcmillan 60 1 2 2
2 Jamie Arniel 40 1 2 2
Penalty Kill - 3 Players Defense
Defense Defense Time % Phy DF OF
1 Drew Fata David Rundblad 60 1 2 2
2 Jake Gardiner Roland McKeown 40 1 2 2
4 vs 4 Forward
Center Wing Time % Phy DF OF
1 Marko Dano Nino Niederreiter 60 1 2 2
2 Dylan Larkin Alex DeBrincat 40 1 2 2
4 vs 4 Defense
Defense Defense Time % Phy DF OF
1 Drew Fata Jake Gardiner 60 1 2 2
2 David Rundblad Cam Fowler 40 1 2 2
Last Minutes Offensive
Center Left Wing Right Wing Defense Defense
Dylan Larkin Marko Dano Jordan Eberle Jake Gardiner Nino Niederreiter
Last Minutes Defensive
Center Left Wing Right Wing Defense Defense
Jamie Arniel T.J. Hensick Carson Mcmillan Jake Gardiner Drew Fata
Goaltenders
Starting : Tyler Weiman
Backup : Ilya Samsonov
Extra Forwards
Normal : Alex DeBrincat, Jamie Arniel, T.J. Hensick - PP : Jamie Arniel, T.J. Hensick - PK : Nino Niederreiter
Extra Defensemen
Normal : Roland McKeown, David Rundblad, Cam Fowler - PP : Cody Franson - PK : Cam Fowler, Cody Franson
Penalty Shots
Dylan Larkin, Alex DeBrincat, Marko Dano, Carson Mcmillan, Jordan Eberle
Custom OT Lines Forwards
Marko Dano, Nino Niederreiter, Dylan Larkin, Jordan Eberle, Alex DeBrincat, Ryan O'Reilly, Jamie Arniel, T.J. Hensick, Marcus Kruger, Carson Mcmillan
Custom OT Lines Defensemen
Jake Gardiner, Cam Fowler, Drew Fata, David Rundblad, Roland McKeown
Scratches
Frans Nielsen (Healthy), Jeff Schultz (Right Forearm Injury)
% Time on Ice - Sharks
Lines # - Real PCT - Wanted PCT - Time Play
Normal Forward
1 - 36% - 40% - 16:33
2 - 27% - 30% - 12:32
3 - 23% - 20% - 10:36
4 - 13% - 10% - 6:03
Normal Defense
1 - 43% - 40% - 19:50
2 - 30% - 30% - 13:31
3 - 22% - 20% - 10:10
4 - 5% - 10% - 2:13
PP Forward
1 - 60% - 60% - 3:45
2 - 40% - 40% - 2:30
PP Defense
1 - 69% - 60% - 4:19
2 - 31% - 40% - 1:56
PK Forward
1 - 74% - 60% - 5:15
2 - 26% - 40% - 1:48
PK Defense
1 - 67% - 60% - 4:42
2 - 33% - 40% - 2:21
PK3 Forward
1 - 0% - 60%
2 - 0% - 40%
PK3 Defense
1 - 0% - 60%
2 - 0% - 40%
44 Forward
1 - 0% - 60%
2 - 0% - 40%
44 Defense
1 - 0% - 60%
2 - 0% - 40%
Last Minute Offensive - 0:58
Last Minute Defensive - 0:00
Total
Forward - 60:00
Defense - 60:00
|
% Time on Ice - Red Wings
Lines # - Real PCT - Wanted PCT - Time Play
Normal Forward
1 - 35% - 40% - 15:59
2 - 30% - 30% - 13:33
3 - 21% - 20% - 9:49
4 - 14% - 10% - 6:22
Normal Defense
1 - 40% - 40% - 18:07
2 - 33% - 30% - 15:00
3 - 19% - 20% - 8:50
4 - 8% - 10% - 3:46
PP Forward
1 - 63% - 60% - 4:25
2 - 37% - 40% - 2:38
PP Defense
1 - 66% - 60% - 4:41
2 - 34% - 40% - 2:22
PK Forward
1 - 85% - 60% - 5:19
2 - 15% - 40% - 0:56
PK Defense
1 - 64% - 60% - 3:59
2 - 36% - 40% - 2:16
PK3 Forward
1 - 0% - 60%
2 - 0% - 40%
PK3 Defense
1 - 0% - 60%
2 - 0% - 40%
44 Forward
1 - 0% - 60%
2 - 0% - 40%
44 Defense
1 - 0% - 60%
2 - 0% - 40%
Last Minute Offensive - 0:00
Last Minute Defensive - 0:59
Total
Forward - 60:00
Defense - 60:00
|
Play-by-Play
1st period
0:01 of 1st period - Boone Jenner wins face-off versus Dylan Larkin in neutral zone.
0:10 of 1st period - Slapshot by Wayne Simmonds.
0:10 of 1st period - Shot Misses the Net.
2:22 of 1st period - Wrist shot by Vince Hinostroza.
2:22 of 1st period - Stopped by Tyler Weiman without a rebound.
2:23 of 1st period - Brendan Gaunce wins face-off versus Dylan Larkin in Red Wings zone.
2:24 of 1st period - Wrist shot by Beau Bennett.
2:24 of 1st period - Stopped by Tyler Weiman with a rebound.
2:50 of 1st period - Connor Murphy is hit by T.J. Hensick and loses puck.
2:55 of 1st period - Wrist shot by T.J. Hensick.
2:55 of 1st period - Stopped by Malcolm Subban with a rebound.
3:44 of 1st period - Wrist shot by Marcus Kruger.
3:44 of 1st period - Shot Blocked by Zach Parise.
4:27 of 1st period - Wrist shot by Daniel Carcillo.
4:27 of 1st period - Shot Blocked by Alexandre Grenier.
4:33 of 1st period - Daniel Carcillo is hit by Drew Fata and loses puck.
5:47 of 1st period - Boone Jenner is hit by Marko Dano and loses puck.
5:54 of 1st period - Wrist shot by Marcus Kruger.
5:54 of 1st period - Shot Misses the Net.
6:14 of 1st period - Wrist shot by Zach Parise.
6:14 of 1st period - Shot Misses the Net.
6:22 of 1st period - Dion Phaneuf is hit by Alexandre Grenier and loses puck.
6:42 of 1st period - Icing by Beau Bennett.
6:43 of 1st period - Brendan Gaunce wins face-off versus Ryan O'Reilly in Sharks zone.
7:02 of 1st period - Slapshot by Brendan Gaunce.
7:02 of 1st period - Goal by Brendan Gaunce - Sharks : 1 - Red Wings : 0.
7:03 of 1st period - Boone Jenner wins face-off versus Dylan Larkin in neutral zone.
7:07 of 1st period - Drew Doughty is hit by Jake Gardiner and loses puck.
7:10 of 1st period - Wrist shot by Wayne Simmonds.
7:10 of 1st period - Shot Misses the Net.
7:12 of 1st period - Slapshot by Mike Lundin.
7:12 of 1st period - Shot Misses the Net.
7:14 of 1st period - Wrist shot by Wayne Simmonds.
7:14 of 1st period - Shot Misses the Net.
7:16 of 1st period - Wrist shot by Wayne Simmonds.
7:16 of 1st period - Shot Misses the Net.
7:18 of 1st period - Backhand shot by Mike Lundin.
7:18 of 1st period - Shot Misses the Net.
7:24 of 1st period - Minor Penalty to Drew Fata for Slashing.
7:25 of 1st period - Boone Jenner wins face-off versus Jamie Arniel in Red Wings zone.
7:26 of 1st period - Snap shot by Wayne Simmonds.
7:26 of 1st period - Goal by Wayne Simmonds - Sharks : 2 - Red Wings : 0.
7:27 of 1st period - Ronalds Kenins wins face-off versus Dylan Larkin in neutral zone.
7:32 of 1st period - Wrist shot by Drew Doughty.
7:32 of 1st period - Shot Blocked by Jordan Eberle.
8:32 of 1st period - Minor Penalty to David Rundblad for Tripping.
8:33 of 1st period - Jamie Arniel wins face-off versus Boone Jenner in Red Wings zone.
10:32 of 1st period - Penalty to David Rundblad is over, David Rundblad is back on ice.
10:48 of 1st period - Snap shot by Marko Dano.
10:48 of 1st period - Stopped by Malcolm Subban without a rebound.
10:49 of 1st period - Ryan O'Reilly wins face-off versus Brendan Gaunce in Sharks zone.
10:56 of 1st period - Wrist shot by Marcus Kruger.
10:56 of 1st period - Shot Misses the Net.
11:14 of 1st period - Zach Parise is hit by Cody Franson and loses puck.
12:02 of 1st period - Minor Penalty to Dion Phaneuf for Hooking.
12:03 of 1st period - Boone Jenner wins face-off versus Dylan Larkin in Sharks zone.
12:03 of 1st period - Boone Jenner is hit by Jake Gardiner.
12:09 of 1st period - Icing by Alex DeBrincat.
12:10 of 1st period - Boone Jenner wins face-off versus Dylan Larkin in Red Wings zone.
13:05 of 1st period - Snap shot by Dylan Larkin.
13:05 of 1st period - Goal by Dylan Larkin - Sharks : 2 - Red Wings : 1.
13:06 of 1st period - Conor Sheary wins face-off versus Ryan O'Reilly in neutral zone.
13:09 of 1st period - Wrist shot by Zach Parise.
13:09 of 1st period - Shot Misses the Net.
13:13 of 1st period - Wrist shot by Conor Sheary.
13:13 of 1st period - Deflect By Zach Parise.
13:13 of 1st period - Shot Misses the Net.
13:13 of 1st period - Puck is out of play.
13:14 of 1st period - Ryan O'Reilly wins face-off versus Oscar Sundqvist in Red Wings zone.
13:27 of 1st period - Wrist shot by Zach Parise.
13:27 of 1st period - Stopped by Tyler Weiman without a rebound.
13:28 of 1st period - Dylan Larkin wins face-off versus Boone Jenner in Red Wings zone.
13:55 of 1st period - Marko Dano is hit by Drew Doughty and loses puck.
15:00 of 1st period - Slapshot by Gustav Nyquist.
15:00 of 1st period - Shot Blocked by Roland McKeown.
15:02 of 1st period - Slapshot by Tyler Cuma.
15:02 of 1st period - Shot Misses the Net.
15:04 of 1st period - Wrist shot by Vince Hinostroza.
15:04 of 1st period - Shot Misses the Net.
15:06 of 1st period - Wrist shot by Daniel Carcillo.
15:06 of 1st period - Stopped by Tyler Weiman without a rebound.
15:07 of 1st period - Dylan Larkin wins face-off versus Oscar Sundqvist in Red Wings zone.
15:18 of 1st period - Wrist shot by Jordan Eberle.
15:18 of 1st period - Shot Blocked by Conor Sheary.
15:20 of 1st period - Wrist shot by Nino Niederreiter.
15:20 of 1st period - Stopped by Malcolm Subban with a rebound.
15:39 of 1st period - Snap shot by Marko Dano.
15:39 of 1st period - Stopped by Malcolm Subban without a rebound.
15:40 of 1st period - Boone Jenner wins face-off versus Dylan Larkin in Sharks zone.
15:40 of 1st period - Boone Jenner is hit by Jordan Eberle.
16:07 of 1st period - Marcus Kruger is hit by Conor Sheary and loses puck.
16:18 of 1st period - Snap shot by Oscar Sundqvist.
16:18 of 1st period - Deflect By Conor Sheary.
16:18 of 1st period - Shot Blocked by Marcus Kruger.
16:18 of 1st period - Puck is out of play.
16:19 of 1st period - Oscar Sundqvist wins face-off versus Dylan Larkin in Red Wings zone.
16:20 of 1st period - Slapshot by Drew Doughty.
16:20 of 1st period - Shot Misses the Net.
16:35 of 1st period - Wrist shot by Drew Fata.
16:35 of 1st period - Stopped by Malcolm Subban without a rebound.
16:36 of 1st period - Ryan O'Reilly wins face-off versus Boone Jenner in Sharks zone.
17:03 of 1st period - Drew Fata is hit by Mike Lundin.
17:09 of 1st period - Snap shot by Dylan Larkin.
17:09 of 1st period - Stopped by Malcolm Subban without a rebound.
17:10 of 1st period - Dylan Larkin wins face-off versus Oscar Sundqvist in Sharks zone.
17:11 of 1st period - Wrist shot by Nino Niederreiter.
17:11 of 1st period - Stopped by Malcolm Subban with a rebound.
17:13 of 1st period - Wrist shot by Jordan Eberle.
17:13 of 1st period - Deflect By Dylan Larkin.
17:13 of 1st period - Stopped by Malcolm Subban with a rebound.
17:26 of 1st period - Slapshot by Nino Niederreiter.
17:26 of 1st period - Shot Misses the Net.
18:22 of 1st period - Minor Penalty to Carson Mcmillan for Tripping.
18:23 of 1st period - Boone Jenner wins face-off versus Jamie Arniel in Red Wings zone.
18:27 of 1st period - Slapshot by Drew Doughty.
18:27 of 1st period - Shot Blocked by Drew Fata.
18:29 of 1st period - Wrist shot by Boone Jenner.
18:29 of 1st period - Shot Misses the Net.
18:31 of 1st period - Slapshot by Mike Lundin.
18:31 of 1st period - Stopped by Tyler Weiman with a rebound.
18:33 of 1st period - Slapshot by Drew Doughty.
18:33 of 1st period - Stopped by Tyler Weiman with a rebound.
18:53 of 1st period - David Rundblad is hit by Drew Doughty and loses puck.
19:44 of 1st period - Slapshot by Nino Niederreiter.
19:44 of 1st period - Shot Blocked by Boone Jenner.
Goals for this period are 2 for Sharks vs 1 for Red Wings.
Shots for this period are 8 for Sharks vs 9 for Red Wings.
2nd period
0:01 of 2nd period - Boone Jenner wins face-off versus Jamie Arniel in neutral zone.
0:16 of 2nd period - Slapshot by Ronalds Kenins.
0:16 of 2nd period - Shot Misses the Net.
0:22 of 2nd period - Penalty to Carson Mcmillan is over, Carson Mcmillan is back on ice.
0:35 of 2nd period - Snap shot by Jamie Arniel.
0:35 of 2nd period - Shot Misses the Net.
0:37 of 2nd period - Slapshot by Nino Niederreiter.
0:37 of 2nd period - Goal by Nino Niederreiter - Sharks : 2 - Red Wings : 2.
0:38 of 2nd period - Ryan O'Reilly wins face-off versus Boone Jenner in neutral zone.
1:05 of 2nd period - Drew Fata is hit by Andreas Martinsen and loses puck.
2:57 of 2nd period - David Rundblad is hit by Zach Parise and loses puck.
3:15 of 2nd period - Ryan O'Reilly is hit by Connor Murphy and loses puck.
3:28 of 2nd period - Snap shot by Brendan Woods.
3:28 of 2nd period - Deflect By T.J. Hensick.
3:28 of 2nd period - Deflect By Daniel Carcillo.
3:28 of 2nd period - Shot Misses the Net.
3:28 of 2nd period - Puck is out of play.
3:29 of 2nd period - Gustav Nyquist wins face-off versus T.J. Hensick in Sharks zone.
3:29 of 2nd period - Gustav Nyquist is hit by Brendan Woods.
3:35 of 2nd period - Wrist shot by Vince Hinostroza.
3:35 of 2nd period - Goal by Vince Hinostroza - Sharks : 3 - Red Wings : 2.
3:36 of 2nd period - Dylan Larkin wins face-off versus Boone Jenner in neutral zone.
3:46 of 2nd period - Minor Penalty to Mike Lundin for Hooking.
3:47 of 2nd period - Dylan Larkin wins face-off versus Boone Jenner in Sharks zone.
3:47 of 2nd period - Snap shot by Jordan Eberle.
3:47 of 2nd period - Stopped by Malcolm Subban with a rebound.
3:49 of 2nd period - Snap shot by Jamie Arniel.
3:49 of 2nd period - Goal by Jamie Arniel - Sharks : 3 - Red Wings : 3.
3:50 of 2nd period - Dylan Larkin wins face-off versus Boone Jenner in neutral zone.
3:59 of 2nd period - Slapshot by Drew Fata.
3:59 of 2nd period - Stopped by Malcolm Subban with a rebound.
4:46 of 2nd period - Wrist shot by Jamie Arniel.
4:46 of 2nd period - Shot Misses the Net.
5:08 of 2nd period - Wrist shot by Nino Niederreiter.
5:08 of 2nd period - Stopped by Malcolm Subban without a rebound.
5:09 of 2nd period - Boone Jenner wins face-off versus Ryan O'Reilly in Sharks zone.
6:30 of 2nd period - Snap shot by Ryan O'Reilly.
6:30 of 2nd period - Stopped by Malcolm Subban without a rebound.
6:31 of 2nd period - Dylan Larkin wins face-off versus Oscar Sundqvist in Sharks zone.
6:34 of 2nd period - Wrist shot by Dylan Larkin.
6:34 of 2nd period - Deflect By Nino Niederreiter.
6:34 of 2nd period - Stopped by Malcolm Subban with a rebound.
6:36 of 2nd period - Slapshot by Nino Niederreiter.
6:36 of 2nd period - Goal by Nino Niederreiter - Sharks : 3 - Red Wings : 4.
6:37 of 2nd period - Nino Niederreiter wins face-off versus Oscar Sundqvist in neutral zone.
7:38 of 2nd period - Snap shot by Beau Bennett.
7:38 of 2nd period - Stopped by Tyler Weiman without a rebound.
7:39 of 2nd period - Jamie Arniel wins face-off versus Boone Jenner in Red Wings zone.
8:38 of 2nd period - Slapshot by Brendan Woods.
8:38 of 2nd period - Stopped by Malcolm Subban without a rebound.
8:39 of 2nd period - Boone Jenner wins face-off versus Dylan Larkin in Sharks zone.
8:39 of 2nd period - Boone Jenner is hit by Drew Fata.
8:53 of 2nd period - Wrist shot by Wayne Simmonds.
8:53 of 2nd period - Stopped by Tyler Weiman with a rebound.
9:09 of 2nd period - Off-side.
9:10 of 2nd period - Ryan O'Reilly wins face-off versus Oscar Sundqvist in neutral zone.
9:15 of 2nd period - Zach Parise is hit by Cam Fowler.
10:25 of 2nd period - Off-side.
10:26 of 2nd period - Dylan Larkin wins face-off versus Boone Jenner in neutral zone.
10:35 of 2nd period - Snap shot by Jordan Eberle.
10:35 of 2nd period - Stopped by Malcolm Subban without a rebound.
10:36 of 2nd period - Dylan Larkin wins face-off versus Wayne Simmonds in Sharks zone.
10:41 of 2nd period - Snap shot by Jordan Eberle.
10:41 of 2nd period - Stopped by Malcolm Subban with a rebound.
10:43 of 2nd period - Slapshot by Drew Fata.
10:43 of 2nd period - Stopped by Malcolm Subban with a rebound.
11:00 of 2nd period - Boone Jenner is hit by Jake Gardiner and loses puck.
11:11 of 2nd period - Snap shot by Dylan Larkin.
11:11 of 2nd period - Stopped by Malcolm Subban without a rebound.
11:12 of 2nd period - Jamie Arniel wins face-off versus Brendan Gaunce in Sharks zone.
11:15 of 2nd period - Snap shot by Alex DeBrincat.
11:15 of 2nd period - Shot Blocked by Mike Lundin.
11:17 of 2nd period - Minor Penalty to Brendan Gaunce for Hooking.
11:18 of 2nd period - Boone Jenner wins face-off versus Jordan Eberle in Sharks zone.
13:17 of 2nd period - Penalty to Brendan Gaunce is over, Brendan Gaunce is back on ice.
13:38 of 2nd period - Wrist shot by Alexandre Grenier.
13:38 of 2nd period - Stopped by Malcolm Subban without a rebound.
13:39 of 2nd period - Brendan Gaunce wins face-off versus T.J. Hensick in Sharks zone.
13:44 of 2nd period - Slapshot by Drew Doughty.
13:44 of 2nd period - Stopped by Tyler Weiman without a rebound.
13:45 of 2nd period - Brendan Gaunce wins face-off versus T.J. Hensick in Red Wings zone.
14:00 of 2nd period - Slapshot by Beau Bennett.
14:00 of 2nd period - Shot Misses the Net.
14:35 of 2nd period - Icing by David Rundblad.
14:36 of 2nd period - Gustav Nyquist wins face-off versus Dylan Larkin in Red Wings zone.
14:39 of 2nd period - Slapshot by Daniel Carcillo.
14:39 of 2nd period - Shot Blocked by Roland McKeown.
14:41 of 2nd period - Slapshot by Tyler Cuma.
14:41 of 2nd period - Shot Misses the Net.
14:43 of 2nd period - Slapshot by Dion Phaneuf.
14:43 of 2nd period - Stopped by Tyler Weiman with a rebound.
14:45 of 2nd period - Snap shot by Daniel Carcillo.
14:45 of 2nd period - Stopped by Tyler Weiman without a rebound.
14:46 of 2nd period - Ronalds Kenins wins face-off versus Jamie Arniel in Red Wings zone.
14:51 of 2nd period - Slapshot by Ronalds Kenins.
14:51 of 2nd period - Shot Misses the Net.
14:59 of 2nd period - Slapshot by Jamie Arniel.
14:59 of 2nd period - Stopped by Malcolm Subban with a rebound.
15:29 of 2nd period - Icing by Cam Fowler.
15:30 of 2nd period - Boone Jenner wins face-off versus Ryan O'Reilly in Red Wings zone.
15:33 of 2nd period - Wrist shot by Wayne Simmonds.
15:33 of 2nd period - Stopped by Tyler Weiman with a rebound.
16:05 of 2nd period - Snap shot by Dion Phaneuf.
16:05 of 2nd period - Stopped by Tyler Weiman without a rebound.
16:06 of 2nd period - Dylan Larkin wins face-off versus Boone Jenner in Red Wings zone.
16:13 of 2nd period - Off-side.
16:14 of 2nd period - Dylan Larkin wins face-off versus Boone Jenner in neutral zone.
16:19 of 2nd period - Wrist shot by Nino Niederreiter.
16:19 of 2nd period - Shot Misses the Net.
17:30 of 2nd period - Wayne Simmonds is hit by Ryan O'Reilly.
17:54 of 2nd period - Snap shot by Cam Fowler.
17:54 of 2nd period - Stopped by Malcolm Subban with a rebound.
18:04 of 2nd period - Alexandre Grenier is hit by Dion Phaneuf and loses puck.
18:59 of 2nd period - Drew Doughty is hit by Roland McKeown and loses puck.
19:10 of 2nd period - Andreas Martinsen is hit by Cam Fowler and loses puck.
19:33 of 2nd period - Daniel Carcillo is hit by Marko Dano and loses puck.
Goals for this period are 1 for Sharks vs 3 for Red Wings.
Shots for this period are 8 for Sharks vs 16 for Red Wings.
3rd period
0:01 of 3rd period - Wayne Simmonds wins face-off versus Dylan Larkin in neutral zone.
0:22 of 3rd period - Minor Penalty to Nino Niederreiter for Interference.
0:23 of 3rd period - Jamie Arniel wins face-off versus Boone Jenner in Red Wings zone.
0:32 of 3rd period - Wrist shot by Carson Mcmillan.
0:32 of 3rd period - Shot Blocked by Mike Lundin.
0:38 of 3rd period - Slapshot by Mike Lundin.
0:38 of 3rd period - Goal by Mike Lundin - Sharks : 4 - Red Wings : 4.
0:39 of 3rd period - Boone Jenner wins face-off versus Dylan Larkin in neutral zone.
1:01 of 3rd period - Minor Penalty to Mike Lundin for Boarding.
1:02 of 3rd period - Boone Jenner wins face-off versus Dylan Larkin in Sharks zone.
1:02 of 3rd period - Boone Jenner is hit by Dylan Larkin.
1:28 of 3rd period - Ronalds Kenins is hit by Ryan O'Reilly and loses puck.
1:53 of 3rd period - Dylan Larkin is hit by Drew Doughty and loses puck.
3:01 of 3rd period - Penalty to Mike Lundin is over, Mike Lundin is back on ice.
3:02 of 3rd period - Jordan Eberle is hit by Boone Jenner and loses puck.
3:07 of 3rd period - Wrist shot by Boone Jenner.
3:07 of 3rd period - Shot Misses the Net.
3:09 of 3rd period - Wrist shot by Mike Lundin.
3:09 of 3rd period - Shot Misses the Net.
3:11 of 3rd period - Snap shot by Mike Lundin.
3:11 of 3rd period - Stopped by Tyler Weiman with a rebound.
3:13 of 3rd period - Slapshot by Tyler Cuma.
3:13 of 3rd period - Deflect By Ronalds Kenins.
3:13 of 3rd period - Stopped by Tyler Weiman with a rebound.
3:15 of 3rd period - Slapshot by Tyler Cuma.
3:15 of 3rd period - Shot Misses the Net.
3:31 of 3rd period - Snap shot by Boone Jenner.
3:31 of 3rd period - Stopped by Tyler Weiman without a rebound.
3:32 of 3rd period - T.J. Hensick wins face-off versus Oscar Sundqvist in Red Wings zone.
3:45 of 3rd period - Snap shot by Conor Sheary.
3:45 of 3rd period - Shot Misses the Net.
4:07 of 3rd period - Icing by Gustav Nyquist.
4:08 of 3rd period - Marko Dano wins face-off versus Gustav Nyquist in Sharks zone.
4:20 of 3rd period - Icing by Tyler Cuma.
4:21 of 3rd period - Ryan O'Reilly wins face-off versus Gustav Nyquist in Sharks zone.
4:24 of 3rd period - Wrist shot by Marcus Kruger.
4:24 of 3rd period - Stopped by Malcolm Subban with a rebound.
5:14 of 3rd period - Snap shot by Alex DeBrincat.
5:14 of 3rd period - Stopped by Malcolm Subban without a rebound.
5:15 of 3rd period - Dylan Larkin wins face-off versus Oscar Sundqvist in Sharks zone.
5:31 of 3rd period - Snap shot by Dylan Larkin.
5:31 of 3rd period - Stopped by Malcolm Subban with a rebound.
5:42 of 3rd period - Minor Penalty to Cody Franson for Holding.
5:43 of 3rd period - Jamie Arniel wins face-off versus Boone Jenner in Red Wings zone.
5:43 of 3rd period - Jamie Arniel is hit by Boone Jenner.
7:42 of 3rd period - Penalty to Cody Franson is over, Cody Franson is back on ice.
7:56 of 3rd period - Slapshot by Brendan Gaunce.
7:56 of 3rd period - Shot Blocked by Cody Franson.
8:15 of 3rd period - Ryan O'Reilly is hit by Gustav Nyquist and loses puck.
9:08 of 3rd period - Brendan Woods is hit by Daniel Carcillo and loses puck.
9:39 of 3rd period - Off-side.
9:40 of 3rd period - Oscar Sundqvist wins face-off versus Ryan O'Reilly in neutral zone.
9:47 of 3rd period - Slapshot by Zach Parise.
9:47 of 3rd period - Stopped by Tyler Weiman with a rebound.
9:49 of 3rd period - Snap shot by Markus Nutivaara.
9:49 of 3rd period - Shot Blocked by Drew Fata.
9:51 of 3rd period - Snap shot by Markus Nutivaara.
9:51 of 3rd period - Deflect By Oscar Sundqvist.
9:51 of 3rd period - Stopped by Tyler Weiman with a rebound.
9:53 of 3rd period - Slapshot by Markus Nutivaara.
9:53 of 3rd period - Deflect By Ryan O'Reilly.
9:53 of 3rd period - Stopped by Tyler Weiman with a rebound.
10:07 of 3rd period - Wayne Simmonds is hit by Drew Fata and loses puck.
10:13 of 3rd period - Icing by Ronalds Kenins.
10:14 of 3rd period - Jamie Arniel wins face-off versus Boone Jenner in Sharks zone.
10:19 of 3rd period - Snap shot by Carson Mcmillan.
10:19 of 3rd period - Shot Blocked by Connor Murphy.
10:51 of 3rd period - Snap shot by Nino Niederreiter.
10:51 of 3rd period - Shot Misses the Net.
11:03 of 3rd period - Marcus Kruger is hit by Zach Parise.
11:07 of 3rd period - Drew Fata is hit by Dion Phaneuf and loses puck.
11:27 of 3rd period - Wrist shot by Brendan Woods.
11:27 of 3rd period - Shot Misses the Net.
11:29 of 3rd period - Slapshot by Drew Fata.
11:29 of 3rd period - Stopped by Malcolm Subban with a rebound.
11:31 of 3rd period - Wrist shot by T.J. Hensick.
11:31 of 3rd period - Goal by T.J. Hensick - Sharks : 4 - Red Wings : 5.
11:32 of 3rd period - Boone Jenner wins face-off versus Dylan Larkin in neutral zone.
12:08 of 3rd period - Snap shot by Ryan O'Reilly.
12:08 of 3rd period - Stopped by Malcolm Subban with a rebound.
12:10 of 3rd period - Slapshot by Roland McKeown.
12:10 of 3rd period - Stopped by Malcolm Subban with a rebound.
12:24 of 3rd period - Snap shot by Carson Mcmillan.
12:24 of 3rd period - Shot Misses the Net.
12:26 of 3rd period - Slapshot by Jamie Arniel.
12:26 of 3rd period - Goal by Jamie Arniel - Sharks : 4 - Red Wings : 6.
12:27 of 3rd period - Dylan Larkin wins face-off versus Boone Jenner in neutral zone.
12:31 of 3rd period - Minor Penalty to Wayne Simmonds for Interference.
12:32 of 3rd period - Boone Jenner wins face-off versus Dylan Larkin in Sharks zone.
13:00 of 3rd period - Drew Doughty is hit by Ryan O'Reilly and loses puck.
13:57 of 3rd period - Wrist shot by Oscar Sundqvist.
13:57 of 3rd period - Stopped by Tyler Weiman without a rebound.
13:58 of 3rd period - Oscar Sundqvist wins face-off versus Dylan Larkin in Red Wings zone.
14:31 of 3rd period - Penalty to Wayne Simmonds is over, Wayne Simmonds is back on ice.
14:32 of 3rd period - Tyler Cuma is hit by Ryan O'Reilly and loses puck.
14:52 of 3rd period - Slapshot by Mike Lundin.
14:52 of 3rd period - Shot Blocked by Brendan Woods.
14:54 of 3rd period - Slapshot by Mike Lundin.
14:54 of 3rd period - Stopped by Tyler Weiman with a rebound.
14:56 of 3rd period - Snap shot by Boone Jenner.
14:56 of 3rd period - Shot Misses the Net.
14:58 of 3rd period - Backhand shot by Ronalds Kenins.
14:58 of 3rd period - Deflect By Wayne Simmonds.
14:58 of 3rd period - Stopped by Tyler Weiman with a rebound.
15:00 of 3rd period - Snap shot by Ronalds Kenins.
15:00 of 3rd period - Deflect By Boone Jenner.
15:00 of 3rd period - Goal by Boone Jenner - Sharks : 5 - Red Wings : 6.
15:01 of 3rd period - Jamie Arniel wins face-off versus Brendan Gaunce in neutral zone.
16:14 of 3rd period - Mike Lundin is hit by Alexandre Grenier and loses puck.
16:59 of 3rd period - Snap shot by Jamie Arniel.
16:59 of 3rd period - Deflect By Conor Sheary.
16:59 of 3rd period - Shot Blocked by Oscar Sundqvist.
16:59 of 3rd period - Puck is out of play.
17:00 of 3rd period - Boone Jenner wins face-off versus Jamie Arniel in Sharks zone.
17:23 of 3rd period - Slapshot by Jake Gardiner.
17:23 of 3rd period - Shot Blocked by Brendan Gaunce.
18:00 of 3rd period - Snap shot by Carson Mcmillan.
18:00 of 3rd period - Shot Misses the Net.
18:02 of 3rd period - Slapshot by Carson Mcmillan.
18:02 of 3rd period - Shot Misses the Net.
18:20 of 3rd period - Wrist shot by Carson Mcmillan.
18:20 of 3rd period - Stopped by Malcolm Subban without a rebound.
18:21 of 3rd period - Boone Jenner wins face-off versus Dylan Larkin in Sharks zone.
18:21 of 3rd period - Boone Jenner is hit by Nino Niederreiter.
18:47 of 3rd period - Wrist shot by Ryan O'Reilly.
18:47 of 3rd period - Deflect By Marcus Kruger.
18:47 of 3rd period - Stopped by Malcolm Subban with a rebound.
19:24 of 3rd period - Icing by Mike Lundin.
19:25 of 3rd period - Oscar Sundqvist wins face-off versus Dylan Larkin in Sharks zone.
19:30 of 3rd period - Slapshot by Alexandre Grenier.
19:30 of 3rd period - Stopped by Malcolm Subban with a rebound.
19:36 of 3rd period - Sharks, Malcolm Subban is pulled from the net.
19:36 of 3rd period - Wrist shot by Oscar Sundqvist.
19:36 of 3rd period - Stopped by Tyler Weiman with a rebound.
19:38 of 3rd period - Slapshot by Oscar Sundqvist.
19:38 of 3rd period - Stopped by Tyler Weiman without a rebound.
19:39 of 3rd period - Patrick Roy call a timeout for Sharks.
19:39 of 3rd period - Oscar Sundqvist wins face-off versus Dylan Larkin in Red Wings zone.
Goals for this period are 2 for Sharks vs 2 for Red Wings.
Shots for this period are 13 for Sharks vs 11 for Red Wings.